 Dungeon Crawl Stone Soup version 0.31-a0-700-gf13585253f (webtiles) character file.

Game seed: 15032186407451054370

2137 gruber the Destroyer (level 9, 0/45 HPs)
             Began as a Deep Elf Conjurer on Sept 7, 2023.
             Was a Follower of Vehumet.
             Slain by Dowan
             ... wielding a +1 dagger of freezing
              (1 damage)
             ... on level 6 of the Dungeon.
             The game lasted 00:07:12 (6725 turns).

gruber the Destroyer (Deep Elf Conjurer)            Turns: 6725, Time: 00:07:12

Health: 0/45       AC:  6    Str:  4    XL:     9   Next: 9%
Magic:  0/25       EV: 13    Int: 28    God:    Vehumet [*.....]
Gold:   234        SH:  0    Dex: 13    Spells: 21/28 levels left

rFire   . . .        o - +2 dagger (venom)
rCold   . . .        (no shield)
rNeg    + . .        a - +0 robe
rPois   .            m - +1 helmet
rElec   .            (no cloak)
rCorr   .            (no gloves)
SInv    .            v - +1 pair of boots
Will    .....        r - amulet of guardian spirit
Stlth   ++           i - ring of wizardry
HPRegen 0.27/turn    B - ring of positive energy
MPRegen 0.19/turn

%: guardian spirit, wizardry (x1)
@: mighty
A: no striking features
a: Renounce Religion


You were on level 6 of the Dungeon.
You worshipped Vehumet.
Vehumet was aware of your devotion.
You visited 2 branches of the dungeon, and saw 7 of its levels.

You collected 234 gold pieces.

Inventory:

Hand Weapons
 o - a +2 dagger of venom (weapon)
Missiles
 u - 2 throwing nets
Armour
 a - a +0 robe (worn)
 m - a +1 helmet (worn)
 v - a +1 pair of boots (worn)
Jewellery
 i - a ring of wizardry (left hand)
 q - a ring of fire
 r - an amulet of guardian spirit (around neck)
 B - a ring of positive energy (right hand)
Wands
 j - a wand of flame (25)
 y - a wand of light (10)
 E - a wand of polymorph (13)
Scrolls
 g - 6 scrolls of identify {unknown}
 h - 6 scrolls of revelation {unknown}
 k - a scroll of enchant armour {unknown}
 n - a scroll of amnesia {unknown}
 p - 5 scrolls of teleportation {unknown}
 t - a scroll of enchant weapon {unknown}
 w - a scroll of brand weapon {unknown}
 x - 2 scrolls of immolation {unknown}
 D - 3 scrolls of blinking {unknown}
Potions
 b - a potion of magic
 c - a potion of heal wounds {unknown}
 d - a potion of attraction {unknown}
 e - a potion of curing {unknown}
 f - a potion of might
 l - a potion of resistance {unknown}
 s - 2 potions of cancellation {unknown}
 z - a potion of mutation {unknown}
 A - a potion of berserk rage {unknown}
 C - a potion of invisibility {unknown}


   Skills:
 * Level 3.8 Dodging
 - Level 2.4 Stealth
 - Level 10.0 Spellcasting
 - Level 11.0 Conjurations


You had 21 spell levels left.
You knew the following spells:

 Your Spells              Type           Power      Damage    Failure   Level
a - Magic Dart            Conj           100%       1d8       1%          1
b - Searing Ray           Conj           100%       2d8       1%          2
c - Iskenderun's Mystic   Conj/Tloc      44%        2d10      1%          4

Your spell library contained the following spells:

 Spells                   Type           Power      Damage    Failure   Level
 Freeze                   Ice            56%        1d7       1%          1
 Sandblast                Erth           28%        2d8       1%          1
 Dazzling Flash           Conj/Hex       88%        N/A       1%          3
 Stone Arrow              Conj/Erth      88%        3d12      1%          3
 Fulminant Prism          Conj/Hex       22%        3d12      1%          4
 Passwall                 Tmut/Erth      11%        N/A       2%          2
 Volatile Blastmotes      Fire/Tloc      28%        2d12      4%          3
 Starburst                Conj/Fire      22%        6d7       26%         6
 Maxwell's Capacitive Co  Air            7%         ∞         100%        8


Dungeon Overview and Level Annotations

Branches:
Dungeon (6/15)             Temple (1/1) D:4

Altars:
Ashenzari
Cheibriados
Dithmenos
Elyvilon
Kikubaaqudgha
Makhleb
Nemelex Xobeh
Okawaru
Ru
Trog
Uskayaw
Vehumet
Wu Jian
Xom
Yredelemnul
The Shining One

Shops:
D:2 (=

Annotations:
D:6 Dowan


Message History

Dowan hits you with a +1 dagger of freezing.
Dowan freezes you. Duvessa closely misses you.
The searing ray hits Duvessa.
Duvessa is almost dead.
Dowan closely misses you. Duvessa hits you with a +0 short sword!
The searing ray hits Duvessa but does no damage.
Duvessa is almost dead.
You finish channelling your searing ray.
Dowan hits you with a +1 dagger of freezing.
Dowan freezes you. Duvessa hits you with a +0 short sword!
Casting: Searing Ray (safe; 1% risk of failure)
Confirm with . or Enter, or press ? or * to list all spells.
You erupt in a blast of force!
The mystic blast hits Duvessa!
You kill Duvessa!
Vehumet accepts your kill.
Dowan screams, "No!
Oh no!"
Dowan seems to find hidden reserves of power!
The mystic blast hits Dowan!
Dowan is almost dead.
Dowan is knocked back by the mystic blast.
You hear a shout!
Dowan mumbles some strange words.
Dowan blinks!
Unknown command.
You open the door.
Dowan gestures wildly while chanting.
Dowan blinks!
Dowan gestures at you while chanting. The shard of ice hits you!!
* * * LOW HITPOINT WARNING * * *
There is an open door here.
It was a potion of might.
You feel very mighty all of a sudden.
Dowan hits you with a +1 dagger of freezing.
Dowan freezes you.
* * * LOW HITPOINT WARNING * * *
Dowan hits you with a +1 dagger of freezing.
* * * LOW HITPOINT WARNING * * *
Dowan freezes you.
You die...

# # ### ... ## ...#
.## ######.#>## ..##
.......... ...#+#
#...#...# .....#
##....<..# ....#
#..@.#
....##########'#e##...
......................
.........#....)..##$..
).)......#.......# ...
###..............# #.
#.....)........#
#.........######
#...........#


You could see Dowan (fast).

Vanquished Creatures
  Jeremiah (D:6)
  Grinder (D:4)
  Sigmund (D:2)
  Duvessa (D:6)
  2 ice beasts
  An ogre (D:5)
  2 phantoms
  2 scorpions
  6 hounds
  2 orc priests (D:6)
  A sleepcap (D:4)
  Natasha (thrice) (D:3)
  9 iguanas
  An orc wizard (D:6)
  Robin (D:3)
  6 gnolls
  9 adders
  2 white imps
  3 dart slugs
  9 orcs
  9 endoplasms
  5 giant cockroaches
  6 goblins
  9 hobgoblins
  6 jackals
  11 kobolds
  2 quokkas
  11 ball pythons
  6 bats
  4 frilled lizards
  5 rats
137 creatures vanquished.

Notes
Turn   | Place    | Note
-------+----------+-------------------------------------------
     0 | D:1      | gruber the Deep Elf Conjurer began the quest for the Orb.
     0 | D:1      | Reached XP level 1. HP: 10/10 MP: 6/6
   112 | D:1      | Reached XP level 2. HP: 11/15 MP: 0/8
   304 | D:1      | Reached skill level 5 in Conjurations
   951 | D:1      | Reached XP level 3. HP: 19/19 MP: 7/9
  1428 | D:2      | Noticed Sigmund
  1441 | D:2      | Learned a level 2 spell: Searing Ray
  1589 | D:2      | Killed Sigmund
  1590 | D:2      | Reached skill level 7 in Conjurations
  1590 | D:2      | Reached XP level 4. HP: 16/24 MP: 1/10
  1590 | D:2      | Reached XP level 5. HP: 19/28 MP: 1/11
  1812 | D:2      | Identified the +9 sling of Infinite Pain {flame, rN+ Str+2
                  | Dex+2 SInv}
  1826 | D:2      | Found Vor Dako's Antique Weapon Shop.
  2044 | D:2      | Found Daficen's Jewellery Boutique.
  2299 | D:3      | Reached skill level 8 in Conjurations
  2322 | D:3      | Noticed Robin
  2349 | D:3      | Killed Robin
  2350 | D:3      | Reached XP level 6. HP: 32/32 MP: 4/12
  2536 | D:3      | Learned a level 4 spell: Iskenderun's Mystic Blast
  2803 | D:3      | Noticed Natasha
  2807 | D:3      | Killed Natasha
  2995 | D:3      | Noticed Natasha
  2998 | D:3      | Killed Natasha
  3051 | D:3      | Noticed Natasha
  3077 | D:3      | Killed Natasha
  3384 | D:4      | Reached skill level 9 in Conjurations
  3519 | D:4      | Found an iron altar of Okawaru.
  3623 | D:4      | Reached XP level 7. HP: 36/36 MP: 2/13
  3758 | D:4      | Found a staircase to the Ecumenical Temple.
  3814 | Temple   | Entered the Ecumenical Temple
  3827 | Temple   | Became a worshipper of Vehumet
  4047 | D:4      | Noticed Grinder
  4059 | D:4      | Paralysed by Grinder for 5 turns
  4064 | D:4      | Killed Grinder
  4065 | D:4      | Reached skill level 10 in Conjurations
  4542 | D:5      | Entered Level 5 of the Dungeon
  4825 | D:5      | Reached skill level 11 in Conjurations
  4877 | D:5      | Reached XP level 8. HP: 41/41 MP: 5/16
  5174 | D:5      | Reached skill level 5 in Spellcasting
  6022 | D:6      | Noticed Jeremiah
  6035 | D:6      | Killed Jeremiah
  6342 | D:6      | Reached * piety under Vehumet
  6342 | D:6      | Offered knowledge of Freeze by Vehumet.
  6531 | D:6      | Reached skill level 10 in Spellcasting
  6531 | D:6      | Reached XP level 9. HP: 45/45 MP: 18/25
  6709 | D:6      | Noticed Duvessa
  6711 | D:6      | Noticed Dowan
  6720 | D:6      | Killed Duvessa
  6725 | D:6      | HP: 1/45 [Dowan/+1 dagger of freezing (2)]
  6725 | D:6      | Slain by Dowan

Illustrated notes

Levels and vault maps discovered:
D:1:      nzn_arrival_settlement, layout_basic, amcnicky_mini_corridor_feature
D:2:      layout_basic, serial_shops, nicolae_shop_gaudy_bauble,
          nicolae_shop_statue_plus, uniq_sigmund
D:3:      layout_loops_ring, patterned_corridor, uniq_robin, uniq_natasha
D:4:      layout_basic, okawaru_gym_becter, minmay_temple_entry_butterflies,
          uniq_grinder
D:5:      layout_gridville
D:6:      layout_basic, nicolae_hepliaklqana_hippocampus, grunt_ministairs_14,
          uniq_jeremiah, uniq_duvessa
Temple:   nicolae_temple_superstar

Skill      XL: |  1  2  3  4  5  6  7  8  9 |
---------------+----------------------------+-----
Conjurations   | 5 7 8 9 11 | 11.0
Spellcasting   | 4 10 | 10.0
Dodging        | 3 |  3.8
Stealth        | |  2.4

Action                     |  1- 3 |  4- 6 |  7- 9 || total
---------------------------+-------+-------+-------++-------
  Melee: Unarmed           |     8 |       |       ||     8
   Cast: Magic Dart        |    59 |    93 |    65 ||   217
         Searing Ray       |     2 |     8 |    35 ||    45
         Iskenderun's Myst |       |       |     2 ||     2
  Evoke: Wand              |       |     3 |       ||     3
    Use: Potion            |       |       |     1 ||     1
 Armour: Robe              |    33 |     5 |    31 ||    69
  Dodge: Dodged            |    30 |     5 |    18 ||    53

Table legend: (Time is in decaauts)
 A = Elapsed time spent in this place.
 B = Non-inter-level travel time spent in this place.
 C = Inter-level travel time spent in this place.
 D = Time resting spent in this place.
 E = Time spent auto-exploring this place.
 F = Levels seen in this place.
 G = Mean time per level.
                   A        B        C        D        E       F      G
               +--------+--------+--------+--------+--------+-----+--------+
         Total |   6723 |   6513 |    210 |    108 |   5597 |   7 |  960.4 |
       Dungeon |   6696 |   6500 |    196 |    108 |   5597 |   6 | 1116.0 |
        Temple |     26 |     13 |     13 |      0 |      0 |   1 |   26.0 |
               +--------+--------+--------+--------+--------+-----+--------+

Top non-repeatable levels by time:
     D:1: 1369 daAuts
     D:5: 1235 daAuts
     D:3: 1201 daAuts
     D:4: 1138 daAuts
     D:6: 946 daAuts
     D:2: 805 daAuts
  Temple: 26 daAuts
